 Dungeon Crawl Stone Soup version 0.27-a0-1217-g8a41f320e8 (webtiles) character file.

Game seed: 8517215240455444635

136 polve the Chopper (level 4, -3/52 HPs)
             Began as a Demonspawn Berserker on June 5, 2021.
             Was a Believer of Trog.
             Slain by an adder (4 damage)
             ... on level 3 of the Dungeon.
             The game lasted 00:03:02 (3308 turns).

polve the Chopper (Demonspawn Berserker)            Turns: 3308, Time: 00:03:03

Health: -3/52      AC:  8    Str: 18    XL:     4   Next: 98%
Magic:  4/4        EV:  7    Int:  9    God:    Trog [**....]
Gold:   114        SH:  0    Dex: 12    Spells: 3/3 levels left

rFire    . . .     SeeInvis .   a - +0 hand axe
rCold    . . .     Faith    .   (no shield)
rNeg     . . .     Spirit   .   e - +0 chain mail
rPois    .         Reflect  .   (no helmet)
rElec    .         Harm     .   (no cloak)
rCorr    .         Rampage  .   (no gloves)
Will     .....                  (no boots)
Stlth    ..........             (no amulet)
HPRegen  0.17/turn              (no ring)
MPRegen  0.09/turn              (no ring)

@: berserking, lethally poisoned (-3 -> -6), very quick
A: claws 1, ignite blood 1
a: Renounce Religion, Berserk, Trog's Hand


You were on level 3 of the Dungeon.
You worshipped Trog.
Trog was pleased with you.
You visited 1 branch of the dungeon, and saw 3 of its levels.

You collected 114 gold pieces.

Inventory:

Hand Weapons
 a - a +0 hand axe (weapon)
Armour
 b - a +0 animal skin
 e - a +0 chain mail (worn)
Jewellery
 k - a ring of willpower
Scrolls
 c - a scroll of enchant weapon {unknown}
 f - a scroll of identify {unknown}
 g - 3 scrolls of teleportation {unknown}
 h - a scroll of enchant armour {unknown}
Potions
 d - a potion of lignification {unknown}
 i - a potion of might {unknown}
 j - a potion of ambrosia {unknown}
 l - a potion of mutation {unknown}
 m - a potion of brilliance {unknown}


   Skills:
 - Level 3.0 Fighting
 + Level 5.2 Axes
 - Level 1.7 Armour
 - Level 1.7 Dodging


You had 3 spell levels left.
You didn't know any spells.
Your spell library was empty.

Dungeon Overview and Level Annotations

Branches:
Dungeon (3/15)

Altars:
Elyvilon

Shops:
D:1 [


Innate Abilities, Weirdness & Mutations

You have sharp fingernails.
Your demonic aura sometimes causes spilled blood to erupt in flames.


Message History

You closely miss the adder.
The adder is severely wounded.
You feel very sick. The adder misses you.
You hit the adder but do no damage.
The adder is severely wounded.
* * * LOW HITPOINT WARNING * * *
You feel sick. The adder barely misses you.
You miss the adder.
The adder is severely wounded.
* * * LOW HITPOINT WARNING * * *
You feel sick. The adder bites you but does no damage. The adder bites you.
* * * LOW HITPOINT WARNING * * *
You are more poisoned.
The adder poisons you!
You closely miss the adder.
The adder is heavily wounded.
* * * LOW HITPOINT WARNING * * *
You feel very sick. The adder bites you but does no damage.
A red film seems to cover your vision as you go berserk!
You feel yourself moving faster!
You feel mighty!
* * * LOW HITPOINT WARNING * * *
You feel sick. The adder bites you but does no damage.
You miss the adder.
The adder is heavily wounded.
* * * LOW HITPOINT WARNING * * *
You feel sick. The adder bites you but does no damage.
You hit the adder.
The adder is almost dead.
* * * LOW HITPOINT WARNING * * *
You feel sick. The adder bites you but does no damage.
You barely miss the adder.
The adder is almost dead.
* * * LOW HITPOINT WARNING * * *
You feel sick. The adder barely misses you.
You closely miss the adder.
The adder is almost dead.
The adder bites you.
You die...

###....# .#.#. .###
#........ ... ..###
... ......... ...
#.###.#...... #.#
#....S...# ########.#
#@# ##### .........#
##'#...... .###.###.#
##...## .###.###.#
##.....## .#...#.#.#
##.......# #
.#.#.†...###.........#
>
...........'.........+
#
###.#...####.........#
#.##.## ##.......##


You could see an adder.

Vanquished Creatures
  A centaur skeleton (D:3)
  4 adders
  A worm (D:2)
  2 dart slugs (D:2)
  5 ball pythons
  6 endoplasms
  2 giant cockroaches (D:1)
  5 goblins (D:2)
  8 hobgoblins
  4 jackals (D:1)
  8 kobolds
  6 bats
  6 frilled lizards
  5 rats
63 creatures vanquished.

Vanquished Creatures (others)
  4 plants (D:2)
4 creatures vanquished.

Grand Total: 67 creatures vanquished

Notes
Turn   | Place    | Note
-------+----------+-------------------------------------------
     0 | D:1      | polve the Demonspawn Berserker began the quest for the Orb.
     0 | D:1      | Reached XP level 1. HP: 18/18 MP: 1/1
   113 | D:1      | Reached skill level 3 in Axes
   274 | D:1      | Gained mutation: Your demonic aura sometimes causes spilled
                  | blood to erupt in flames. [demonic ancestry]
   274 | D:1      | Reached XP level 2. HP: 24/24 MP: 2/2
   962 | D:1      | Found Jodin's Antique Armour Shop.
  1065 | D:1      | Reached XP level 3. HP: 24/29 MP: 3/3
  1438 | D:2      | Found a faded altar of an unknown god.
  1457 | D:2      | Reached ** piety under Trog
  1468 | D:2      | Reached skill level 4 in Axes
  2469 | D:2      | Gained mutation: You have sharp fingernails. [demonic
                  | ancestry]
  2469 | D:2      | Reached XP level 4. HP: 35/35 MP: 4/4
  3080 | D:3      | Reached skill level 5 in Axes
  3306 | D:3      | HP: 2/52 [poisoned by an adder]
  3308 | D:3      | Slain by an adder

Illustrated notes

Levels and vault maps discovered:
D:1:      nicolae_arrival_washed_ashore, layout_loops_ring, serial_shops,
          nicolae_shop_waterfront
D:2:      layout_basic, serial_forest, infiniplex_forest_lined_room_,
          infiniplex_forest_clump_small, infiniplex_forest_clump_small,
          infiniplex_forest_clump_small, infiniplex_forest_clump_curved,
          infiniplex_forest_straight_2, infiniplex_forest_straight_2,
          shapermc_ecumenical_altar_notcrosses, minmay_3d_cube
D:3:      layout_loops_corners, nicolae_ashenzari_skybound,
          overflow_temple_1_default

Skill      XL: |  1  2  3  4 |
---------------+-------------+-----
Axes           | 3 4 5 |  5.2
Fighting       | |  3.0
Armour         | |  1.7
Dodging        | |  1.7

Action                   |  1- 3 |  4- 6 || total
-------------------------+-------+-------++-------
Melee: Hand axe          |   163 |    71 ||   234
Invok: Berserk           |     3 |     1 ||     4
Armor: Animal skin       |     5 |       ||     5
       Chain mail        |    87 |    57 ||   144
Dodge: Dodged            |    70 |    30 ||   100

Table legend: (Time is in decaauts)
 A = Elapsed time spent in this place.
 B = Non-inter-level travel time spent in this place.
 C = Inter-level travel time spent in this place.
 D = Time resting spent in this place.
 E = Time spent auto-exploring this place.
 F = Levels seen in this place.
 G = Mean time per level.
                   A        B        C        D        E       F      G
               +--------+--------+--------+--------+--------+-----+--------+
         Total |   3363 |   3273 |     90 |     52 |   2753 |   3 | 1121.0 |
       Dungeon |   3363 |   3273 |     90 |     52 |   2753 |   3 | 1121.0 |
               +--------+--------+--------+--------+--------+-----+--------+

Top non-repeatable levels by time:
     D:2: 1643 daAuts
     D:1: 1426 daAuts
     D:3: 293 daAuts
